 Dungeon Crawl Stone Soup version 0.29.0-11-gd7f09526c8 (webtiles) character file.

Game seed: 17088047622781979429

161 ExZ the Covered (level 5, 0/42 HPs)
             Began as a Merfolk Wanderer on Sept 4, 2022.
             Slain by a goblin
             ... wielding a +0 club
             ... led by Robin
              (3 damage)
             ... on level 4 of the Dungeon.
             The game lasted 00:06:00 (4175 turns).

ExZ the Covered (Merfolk Wanderer)                  Turns: 4175, Time: 00:06:01

Health: 0/42       AC:  6    Str: 15    XL:     5   Next: 42%
Magic:  6/6        EV:  6    Int: 15    God:
Gold:   128        SH:  0    Dex:  9    Spells: 5/6 levels left

rFire   . . .      SeeInvis .   o - +0 flail
rCold   . . .      Faith    .   (no shield)
rNeg    . . .      Spirit   .   d - +0 chain mail
rPois   .          Reflect  .   t - +0 helmet
rElec   .          Harm     .   (no cloak)
rCorr   .          Rampage  .   (no gloves)
Will    .....                   (no boots)
Stlth   ..........              (no amulet)
HPRegen 0.14/turn               (no ring)
MPRegen 0.10/turn               (no ring)

@: no status effects
A: (nimble swimmer 2), mertail, deformed body, sense surroundings 1
a: no special abilities


You were on level 4 of the Dungeon.
You visited 1 branch of the dungeon, and saw 4 of its levels.

You collected 287 gold pieces.
You spent 159 gold pieces at shops.

Inventory:

Hand Weapons
 a - a +0 club
 g - a +0 hand axe
 o - a +0 flail (weapon)
Armour
 d - a +0 chain mail (worn)
 n - a +0 plate armour
 t - a +0 helmet (worn)
Jewellery
 s - a ring of protection from cold
Scrolls
 b - 3 scrolls of teleportation
 e - 2 scrolls of enchant weapon {unknown}
 i - a scroll of enchant armour {unknown}
 k - a scroll of amnesia {unknown}
 p - a scroll of summoning
 r - a scroll of brand weapon {unknown}
Potions
 c - 2 potions of attraction
 h - 2 potions of brilliance
 j - 2 potions of curing {unknown}
 m - a potion of haste {unknown}


   Skills:
 + Level 4.0 Fighting
 - Level 1.0 Throwing
 + Level 4.0 Armour
 - Level 1.0 Spellcasting
 - Level 1.1 Poison Magic
 - Level 1.0 Invocations
 - Level 1.0 Evocations


You had 5 spell levels left.
You knew the following spells:

 Your Spells              Type           Power      Damage    Failure   Level
a - Sting                 Tmut/Pois      8%         1d3       98%         1

Your spell library contained the following spells:

 Spells                   Type           Power      Damage    Failure   Level
 Ignite Poison            Fire/Tmut/Pois 1%         N/A       100%        3


Dungeon Overview and Level Annotations

Branches:
Dungeon (4/15)
 Temple: D:4-7

Altars:

Shops:
D:2 ?

Annotations:
D:4 Duvessa, Robin


Innate Abilities, Weirdness & Mutations

((You are very nimble when in or above water. (Stealth+, EV+, Speed+++)))
Your lower body shifts to a powerful aquatic tail in water.
Armour fits poorly on your strangely shaped body.
You passively map a small area around you.


Message History

You hit the goblin.
The goblin is severely wounded.
The goblin hits you but does no damage.
You barely miss the goblin.
The goblin is severely wounded.
The goblin hits you with a +0 club.
A goblin comes into view. It is wielding a +0 club.
Robin throws the goblin at you! The goblin hits you but does no damage.
The goblin hits you with a +0 club.
You are too injured to fight recklessly!
You are too injured to fight recklessly!
You are too injured to fight recklessly!
Unknown command.
You closely miss the goblin. The goblin hits you with a +0 club.
The goblin hits you but does no damage.
You hit the goblin but do no damage. The goblin hits you but does no damage.
The goblin barely misses you. The goblin closely misses you.
The goblin hits you but does no damage.
You hit the goblin but do no damage. The goblin hits you with a +0 club.
* * * LOW HITPOINT WARNING * * *
The goblin hits you but does no damage.
You closely miss the goblin. The goblin hits you with a +0 club.
* * * LOW HITPOINT WARNING * * *
The goblin closely misses you.
You miss the goblin.
The goblin no longer looks unusually strong. x2
The goblin hits you with a +0 club.
* * * LOW HITPOINT WARNING * * *
The goblin hits you with a +0 club.
* * * LOW HITPOINT WARNING * * *
The goblin closely misses you. The goblin hits you but does no damage.
Unknown command.
Unknown command.
You barely miss the goblin.
The hobgoblin no longer looks unusually strong.
The goblin no longer looks unusually strong.
The goblin hits you with a +0 club.
* * * LOW HITPOINT WARNING * * *
The goblin hits you with a +0 club.
You die...

####.>....# #)......
#######.###.########.......
#.........#.#.....##.......
#.........#.#.###.##)......
#...........#.......#######
#.......g##.#####.#.#
#.....)..gg##.....#.#######
#........#g##.#####........
#........#@##.# #.#######
#........#g##.## ###
#######+##.....#
#.....####### * #...).# ,
#.....# , * ###....)# * , ,
#.....)g# *,, * , ,,
#.....gg# * *


You could see 2 hobgoblins and 3 goblins.

Vanquished Creatures
  Dowan (D:4)
  4 adders
  A worm (D:3)
  An orc (D:4)
  3 endoplasms (D:2)
  4 giant cockroaches
  9 goblins
  4 hobgoblins
  3 jackals (D:2)
  A quokka (D:1)
  11 ball pythons
  4 bats
  3 frilled lizards
  3 kobolds
  5 rats
57 creatures vanquished.

Vanquished Creatures (collateral kills)
  An adder (D:3)
  2 hobgoblins
  A goblin (D:3)
4 creatures vanquished.

Grand Total: 61 creatures vanquished

Notes
Turn   | Place    | Note
-------+----------+-------------------------------------------
     0 | D:1      | ExZ the Merfolk Wanderer began the quest for the Orb.
     0 | D:1      | ExZ set off with the following items: a +0 club, a scroll
                  | of teleportation, a potion of attraction, a +0 chain mail;
                  | and the following spell memorised: Sting; and the following
                  | spells available to memorise: Ignite Poison.
     0 | D:1      | Reached XP level 1. HP: 15/15 MP: 2/2
   267 | D:1      | Reached XP level 2. HP: 18/22 MP: 3/3
  1276 | D:2      | Reached XP level 3. HP: 15/27 MP: 4/4
  1673 | D:2      | Found a faded altar of an unknown god.
  2004 | D:2      | Found Lakhi's Magic Scroll Shoppe.
  2024 | D:2      | Bought a scroll of summoning for 104 gold pieces
  2024 | D:2      | Bought a scroll of identify for 22 gold pieces
  2024 | D:2      | Bought a scroll of teleportation for 33 gold pieces
  2441 | D:3      | Reached XP level 4. HP: 31/34 MP: 5/5
  3559 | D:4      | Noticed Duvessa
  3559 | D:4      | Noticed a bullfrog
  3574 | D:4      | Noticed Dowan
  3999 | D:4      | Gained mutation: Armour fits poorly on your strangely
                  | shaped body. [potion of mutation]
  3999 | D:4      | Gained mutation: You passively map a small area around you.
                  | [potion of mutation]
  4012 | D:4      | Identified the +0 helmet of Uskilekh {-Cast +Blink +Inv
                  | rN+++}
  4012 | D:4      | Noticed Robin
  4019 | D:4      | Killed Dowan
  4020 | D:4      | Reached XP level 5. HP: 23/42 MP: 6/6
  4175 | D:4      | Slain by a goblin

Illustrated notes

Levels and vault maps discovered:
D:1:      minmay_arrival_loop, layout_basic
D:2:      layout_loops_corners, serial_shops, nicolae_shop_stone,
          ebering_ecumenical_altar_petrified, serial_aquarium,
          aquarium_bridge_island_small [aquarium_subvault_small_open,
          aquarium_subvault_bridge, aquarium_subvault_window,
          aquarium_subvault_wall, aquarium_subvault_balcony],
          aquarium_window_corner, aquarium_window_corner, aquarium_view_2c
D:3:      layout_rooms, minivault_14
D:4:      wander_river, layout_basic, nemelex_spade_bored_becter,
          mainiacjoe_overflow_alcove_1, uniq_robin, uniq_duvessa, uniq_ijyb,
          uniq_grinder

Skill      XL: |  1  2  3  4  5 |
---------------+----------------+-----
Armour         | 3 4 |  4.0
Fighting       | 2 3 4 |  4.0
Throwing       | |  1.0
Spellcasting   | |  1.0
Poison Magic   | |  1.1
Invocations    | |  1.0
Evocations     | |  1.0

Action                   |  1- 3 |  4- 6 || total
-------------------------+-------+-------++-------
Melee: Club              |    21 |       ||    21
       Hand axe          |    76 |       ||    76
       Punch             |     2 |     1 ||     3
       Flail             |    57 |   145 ||   202
  Use: Scroll            |     1 |     3 ||     4
       Potion            |       |     5 ||     5
 Stab: Invisible         |       |     2 ||     2
       Distracted        |       |     1 ||     1
Armor: Chain mail        |   130 |   131 ||   261
Dodge: Dodged            |    61 |    62 ||   123
